[Event "EU-ch 12th"]
[Site "Aix les Bains"]
[Date "2011.04.02"]
[Round "11"]
[White "Melkumyan, Hrant"]
[Black "Erdogdu, Mert"]
[Result "0-1"]
[ECO "D97"]
[WhiteElo "2593"]
[BlackElo "2423"]
[Annotator "Marchand,A/Primel,D"]
[PlyCount "110"]
[EventDate "2011.03.22"]
[EventType "swiss"]
[EventRounds "11"]
[EventCountry "FRA"]
[SourceTitle "CBM 142 Extra"]
[Source "ChessBase"]
[SourceDate "2011.06.27"]
[SourceVersion "1"]
[SourceVersionDate "2011.06.27"]
[SourceQuality "1"]
[TimeControl "40/5400+30:1800+30"]

1. d4 Nf6 2. c4 g6 3. Nc3 d5 4. Nf3 Bg7 5. Qb3 dxc4 6. Qxc4 O-O 7. e4 Na6 {
[%cal Gc7c5] La variante Prins} (7... a6 8. e5 (8. Be2) (8. Qb3 b5 9. e5 Nfd7 (
9... Be6 $142 10. exf6 $1))) (7... Bg4 8. Be3 Nfd7 9. Qb3 (9. Rd1) (9. O-O-O
Nc6 (9... Nb6) 10. h3 Bxf3 11. gxf3 Nb6 12. Qc5 f5 13. Ne2 Qd6 14. e5 Qxc5+ $5
{Smyslov,V-Botvinnik,M World Championship 21th 1957 (6) 1-0} (14... Qd5 15.
Qxd5+ Nxd5 16. f4 e6 17. Bg2 {Smyslov}))) (7... Nc6 8. Be2 Nd7 9. d5 Nde5 10.
Nxe5 Nxe5 11. Qb3 e6 (11... c6 12. O-O cxd5 13. exd5) 12. O-O exd5 13. exd5 c6
14. Be3 cxd5 15. Nxd5 Be6 16. Rfd1 b6 (16... Nc6 $13) 17. Qb5 Qh4 18. Nc7 $6 {
Janjgava,L (2470)-Khenkin,I (2340) Borzhomi U20 1988 0-1} (18. Rd4 $1 Ng4 $1
19. Bxg4 Bxg4 20. Qb4 h5 21. h3 $13 {Khenkin})) (7... c6 8. Bf4 a5 (8... b5))
8. Be2 (8. e5 Nd7 9. e6 Nb6 10. exf7+ Kh8 11. Qb3 c5 (11... Bf5 $6 12. Be3) 12.
dxc5 Nxc5 13. Qb5 Nca4 14. Bd2 Bd7 $32) (8. Bf4 c5 9. dxc5 Be6 (9... Qa5 10. e5
Nd7 11. a3 Qxc5 12. Nd5) 10. Qb5 Bd7 11. Qxb7 Nxc5 12. Qb4) 8... c5 9. d5 e6
10. O-O exd5 11. exd5 Re8 (11... Bf5 {la grande ligne} 12. Bf4 Qb6 13. Be5 Rad8
) (11... b6 12. Ne5 Nb4 13. Nc6 Nxc6 14. dxc6 Be6 15. Qa4 Qd4 $132) (11... Qa5
12. a3 Bf5 13. Qh4 Rfe8 14. Bh6 $14 Ne4 15. Bxg7 Kxg7 16. Ng5 Nxc3 {Smyslov,
V-Florian,T Budapest-Moscow 1949 (13) 1-0} (16... Nxg5 17. Qxg5)) 12. Rd1 (12. Be3 Bf5 13. Rad1 Qb6 14. d6 $13 {[%emt 0:33:17]
Gulko,B (2595) -Horvath,C (2485)/ Nova Gorica op 02nd (5)/1/2-1/2}) (12. Bf4
Bf5 (12... b6 13. d6 (13. Rfd1 $5 Nb4 14. Qb3 Bf5 15. Rac1) 13... Nb4 14. Ng5
Qd7 15. Qb3 Rxe2 16. Nxe2 Ba6 17. Nc3 (17. Qd1 Nd3 $13) (17. Rfe1 Re8 18. h3 h6
19. Nf3 Qf5 $13) 17... Bxf1 18. Rxf1 $13 {Annageldyev,O (2365)-Arbakov,V (2415)
URS-ch otbor56 1988 1-0})) 12... Bf5 13. Nh4 $6 (13. d6 $142 h6 14. Bf4 Nd7 15.
Rd2 $14 {[%emt 0:33:07] Karpov,A (2700)-Kasparov,G (2740)/World Championship
34th-KK4 (21)/1/2-1/2}) (13. Bf4) 13... Bd7 14. Nf3 (14. Be3 b5 15. Qb3 c4 16.
Qa3 Rxe3 17. fxe3 Qb6 18. b4 Qxe3+ 19. Kh1 Ne4 {0-1 Richter,M (2428)
-Gabrielian,A (2559)/Pardubice 2010/ CBM 137 Extra}) 14... Qb6 $146 (14... b5
$5 15. Qf4 (15. Nxb5 Re4 $36 ) 15... Nh5 {Ravia,M (2386)
-Khmelniker,I (2451) Tel Aviv After Holidays GM 2003 (1) 0-1}) 15. a3 Bf5 16.
Be3 Rad8 (16... Qxb2 17. Na4 Qc2 18. Rac1 Qxc4 19. Bxc4 Rad8 20. d6 $44 ) 17. Qb5 Bd7 18. Qxb6 axb6 19. Rd2 Ne4 20. Nxe4
Rxe4 21. d6 Bc6 22. Rc1 (22. Rad1 $142) 22... Nb8 23. Ng5 Ra4 (
23... Ree8 24. b4 ) 24. Bd1 Ra8 25. Bb3 $36 Rf8 26.
h4 Nd7 27. h5 gxh5 28. Nh3 Rfe8 29. Rcc2 Re5 30. Bf4 Re1+ 31. Kh2 b5 32. Bd5 c4
(32... Rae8 $15) 33. Ng5 h6 34. Nf3 Ree8 35. Bxc6 bxc6 36. Re2 (36. Nd4 $5 ) 36... Re6 (36... Rxe2 37. Rxe2 Kf8 38. Re7) 37. Rxe6 fxe6 38.
Kh3 e5 39. Be3 Kf7 40. Kh4 Kg6 $17 41. Nd2 Bf6+ 42. Kg3 Kf5 43. Bxh6 e4 44. f3
Rg8+ 45. Kh3 exf3 46. Nxf3 Rg4 47. Re2 Re4 48. Rd2 $2 Kg6 $19 49. Bf8 Nxf8 50.
d7 Ne6 51. Rd6 Nd8 52. a4 bxa4 53. Nd2 Rd4 54. Rxd4 Bxd4 55. Nxc4 Bxb2 0-1